 Dungeon Crawl Stone Soup version 0.29-a0-648-g6b26cc9f40 (webtiles) character file.

Game seed: 15289604497068353564

223 omnomnOMINOUS the Changer (level 6, -8/41 HPs)
             Began as an Octopode Wanderer on June 20, 2022.
             Was a Follower of Okawaru.
             Mangled by Dowan
             ... wielding a +8 dagger of protection
              (10 damage)
             ... on level 4 of the Dungeon.
             The game lasted 00:09:27 (3298 turns).

omnomnOMINOUS the Changer (Octopode Wanderer)       Turns: 3298, Time: 00:09:28

Health: -8/41      AC:  2    Str:  8    XL:     6   Next: 0%
Magic:  18/18      EV: 11    Int: 11    God:    Okawaru [*.....]
Gold:   200        SH:  0    Dex: 15    Spells: 8/9 levels left

rFire   . . .      SeeInvis .   a - +10 great mace of the Evening {pain, Fly rElec rPois Will++ Int-3}
rCold   . . .      Faith    .   (shield currently unavailable)
rNeg    . . .      Spirit   .   h - +1 hat
rPois   +          Reflect  .   n - amulet of regeneration
rElec   +          Harm     .   l - ring of magical power
rCorr   .          Rampage  .   (no ring)
Will    ++...      Clarity  +   (no ring)
Stlth   ++........              (no ring)
HPRegen 0.93/turn               (no ring)
MPRegen 0.16/turn               (no ring)
                                (no ring)
                                (no ring)

@: confused, ambrosia-drunk, attractive, flying, constricted, unable to read
A: almost no armour, amphibious, 8 rings, camouflage 1, gelatinous body 1,
(nimble swimmer 1), tentacles, clarity, weak 1, wild magic 1, inability to read
while threatened
a: Renounce Religion, Heroism


You were on level 4 of the Dungeon.
You worshipped Okawaru.
Okawaru was aware of your devotion.
You visited 1 branch of the dungeon, and saw 4 of its levels.

You collected 200 gold pieces.

Inventory:

Hand Weapons
 a - the +10 great mace of the Evening (weapon) {pain, Fly rElec rPois Will++ Int-3}
   (You found it on level 3 of the Dungeon)

   In the hands of one skilled in necromantic magic, it inflicts extra damage on
   living creatures.
   Int:       It affects your intelligence (-3).
   rElec:     It insulates you from electricity.
   rPois:     It protects you from poison.
   Fly:       It grants you flight.
   Will:      It greatly increases your willpower.
 f - a +2 spear
 q - a +1 dagger of protection
 s - the +7 war axe of Modesty {pain, Drain rPois rCorr Stlth+}
   (You found it on level 4 of the Dungeon)

   In the hands of one skilled in necromantic magic, it inflicts extra damage on
   living creatures.
   rPois:     It protects you from poison.
   rCorr:     It protects you from acid and corrosion.
   Drain:     It drains your maximum health when unequipped.
   Stlth:     It makes you more stealthy.
Missiles
 j - a throwing net
 t - 3 silver javelins
Armour
 h - a +1 hat (worn)
Jewellery
 l - a ring of magical power (left tentacle)
 n - an amulet of regeneration (around mantle)
Wands
 i - a wand of flame (14)
 o - a wand of paralysis (8)
Scrolls
 b - a scroll of poison {unknown}
 g - 2 scrolls of identify {unknown}
 m - 2 scrolls of enchant armour {unknown}
 p - a scroll of vulnerability {unknown}
Potions
 d - 3 potions of curing


   Skills:
 + Level 2.6 Fighting
 * Level 1.8 Maces & Flails
 - Level 2.0 Polearms
 + Level 3.0 Dodging
 - Level 2.6 Stealth
 + Level 2.2 Spellcasting
 - Level 3.0 Transmutations
 + Level 1.8 Invocations


You had 8 spell levels left.
You knew the following spells:

 Your Spells              Type           Power      Damage    Failure   Level
a - Beastly Appendage     Tmut           20%        N/A       13%         1

Your spell library contained the following spells:

 Spells                   Type           Power      Damage    Failure   Level
 Shock                    Conj/Air       4%         1d3       36%         1
 Spider Form              Tmut/Pois      5%         N/A       52%         3
 Swiftness                Air            1%         N/A       73%         3
 Airstrike                Air            0%         N/A       98%         4
 Alistair's Intoxication  Tmut/Pois      3%         N/A       99%         5
 Borgnjor's Vile Clutch   Necr/Erth      0%         N/A       100%        5
 Eringya's Noxious Bog    Tmut/Pois      2%         N/A       100%        6


Dungeon Overview and Level Annotations

Branches:
Dungeon (4/15)             Temple (0/1) D:4

Altars:
Okawaru
Ru

Annotations:
D:4 Dowan, Duvessa, Sigmund


Innate Abilities, Weirdness & Mutations

You cannot wear most types of armour.
You are amphibious.
You can wear up to eight rings at the same time.
Your skin changes colour to match your surroundings (Stealth+).
Your rubbery body absorbs attacks. (AC +1, EV +1)
((You are camouflaged when in or above water. (Stealth+)))
You have tentacles for arms and can constrict up to eight enemies at once.
You possess an exceptional clarity of mind.
You are weak. (Str -2)
Your spells are a little harder to cast, but a little more powerful.
You sometimes lose the ability to read scrolls when taking damage.


Message History

Unknown command.
It was a potion of ambrosia.
You are confused.
You feel invigorated.
You constrict the orc.
You kill the orc!
Okawaru accepts your kill. Dowan misses you. Something hits you.
The orc hits you with a +0 club.
You feel threatened and lose the ability to read scrolls!
The ball python bites you. The ball python completely misses you.
Duvessa is attracted toward you.
You have reached level 6!
Okay, then.
Unknown command.
The ball python attacks as you move away!
The ball python misses you. The ball python closely misses you.
You can read scrolls again.
Dowan closely misses you. Something hits you.
The ball python bites you but does no damage.
The ball python grabs you. The ball python constricts you.
You're too confused to move!
Dowan generates a fountain of clear water, and laughs cruelly.
Dowan closely misses you. The ball python barely misses you.
The ball python constricts you.
You thump Dowan!
Dowan is severely wounded.
Something hits you! The ball python barely misses you.
The ball python constricts you. The ball python barely misses you.
The ball python constricts you.
You sock Duvessa! Your squeeze misses Duvessa.
Duvessa is moderately wounded.
Something hits you!
You feel threatened and lose the ability to read scrolls!
The ball python bites you. The ball python constricts you.
The ball python bites you but does no damage.
The ball python constricts you. Something hits you!
* * * LOW HITPOINT WARNING * * *
Duvessa hits you with a +1 short sword of protection!
* * * LOW HITPOINT WARNING * * *
Dowan hits you with a +8 dagger of protection!
You die...

#........#####
#..........).#
+......(≈≈≈..#
#......≈≈≈≈≈.#
###....≈≈_≈≈.#
###..≈≈.≈≈.###
#..≈≈.≈≈...+
#.)≈≈.≈≈.###
#..≈@e.≈.##
#..Se8.≈....
........o{......
................
................
................
..........######
..........#
..........#


You could see Duvessa, Dowan, an orc and a ball python.

Vanquished Creatures
  A hound (D:4)
  A gnoll (D:3)
  8 adders
  A worm (D:3)
  4 dart slugs
  9 orcs
  4 ball pythons
  11 bats
  7 endoplasms
  2 giant cockroaches (D:3)
  4 hobgoblins
  7 quokkas
  6 frilled lizards
  10 goblins
  10 kobolds
  7 rats
92 creatures vanquished.

Notes
Turn   | Place    | Note
-------+----------+-------------------------------------------
     0 | D:1      | omnomnOMINOUS the Octopode Wanderer began the quest for the
                  | Orb.
     0 | D:1      | omnomnOMINOUS set off with the following items: a +2 spear,
                  | a +0 hat, a scroll of fear; and the following spell
                  | memorised: Beastly Appendage; and the following spells
                  | available to memorise: Spider Form.
     0 | D:1      | Reached XP level 1. HP: 13/13 MP: 2/2
   112 | D:1      | Reached XP level 2. HP: 17/18 MP: 3/3
   439 | D:1      | Reached XP level 3. HP: 23/23 MP: 5/5
   626 | D:1      | Found a faded altar of an unknown god.
   634 | D:1      | Prayed at the altar of an unknown god.
   634 | D:1      | Became a worshipper of Warmaster Okawaru
   634 | D:1      | Reached * piety under Okawaru
  1183 | D:2      | Reached XP level 4. HP: 19/29 MP: 6/6
  1401 | D:2      | Gained mutation: You are weak. (Str -2) [potion of
                  | mutation]
  1401 | D:2      | Gained mutation: You sometimes lose the ability to read
                  | scrolls when taking damage. [potion of mutation]
  1401 | D:2      | Gained mutation: Your spells are a little harder to cast,
                  | but a little more powerful. [potion of mutation]
  1401 | D:2      | Gained mutation: You possess an exceptional clarity of
                  | mind. [potion of mutation]
  1939 | D:3      | Identified the +10 great mace of the Evening {pain, Fly
                  | rElec rPois Will++ Int-3}
  2012 | D:3      | Reached skill level 1 in Invocations
  2398 | D:3      | Reached XP level 5. HP: 34/34 MP: 6/8
  2400 | D:3      | Reached skill level 1 in Maces & Flails
  2825 | D:4      | Found a staircase to the Ecumenical Temple.
  3078 | D:4      | Identified the +7 war axe of Modesty {pain, Drain rPois
                  | rCorr Stlth+}
  3277 | D:4      | Found a sacrificial altar of Ru.
  3283 | D:4      | Noticed Dowan
  3288 | D:4      | Noticed Sigmund
  3290 | D:4      | Noticed Duvessa
  3295 | D:4      | Reached XP level 6. HP: 24/41 MP: 9/9
  3298 | D:4      | HP: 2/41 [Duvessa/+1 short sword of protection (10)]
  3298 | D:4      | Mangled by Dowan

Illustrated notes

Levels and vault maps discovered:
D:1:      eino_arrival_druids_welcome, layout_loops_ring,
          shapermc_ecumenical_altar_notcrosses, minmay_split_cup_large
D:2:      layout_loops_ring
D:3:      minmay_razor_zed, layout_basic, mrwooster_statue_mirror, st_stairs_7,
          chequers_serial_rivers_micro_c
D:4:      layout_basic, mainiacjoe_overflow_catwalk,
          minmay_temple_entry_large_hall, enter_ossuary_5, uniq_menkaure,
          uniq_crazy_yiuf_cottage, uniq_duvessa, uniq_sigmund

Skill      XL: |  1  2  3  4  5 |
---------------+----------------+-----
Fighting       | 2 |  2.6
Invocations    | 1 |  1.8
Spellcasting   | 2 |  2.2
Maces & Flails | 1 |  1.8
Transmutations | 3 |  3.0
Dodging        | 3 |  3.0
Polearms       | |  2.0
Stealth        | |  2.6

Action                   |  1- 3 |  4- 6 || total
-------------------------+-------+-------++-------
Melee: Spear             |    92 |    32 ||   124
       Constrict         |    15 |    20 ||    35
       Tentacles         |     8 |    10 ||    18
       Punch             |     2 |       ||     2
       Great mace        |       |    69 ||    69
 Cast: Beastly Appendage |       |     1 ||     1
  Use: Scroll            |       |     7 ||     7
       Potion            |       |     8 ||     8
 Stab: Sleeping          |    14 |     9 ||    23
       Distracted        |       |     1 ||     1
Armor: Skin              |    13 |     7 ||    20
Dodge: Dodged            |    29 |    82 ||   111

Table legend: (Time is in decaauts)
 A = Elapsed time spent in this place.
 B = Non-inter-level travel time spent in this place.
 C = Inter-level travel time spent in this place.
 D = Time resting spent in this place.
 E = Time spent auto-exploring this place.
 F = Levels seen in this place.
 G = Mean time per level.
                   A        B        C        D        E       F      G
               +--------+--------+--------+--------+--------+-----+--------+
         Total |   3342 |   3230 |    112 |    165 |   2300 |   4 |  835.5 |
       Dungeon |   3342 |   3230 |    112 |    165 |   2300 |   4 |  835.5 |
               +--------+--------+--------+--------+--------+-----+--------+

Top non-repeatable levels by time:
     D:2: 1006 daAuts
     D:3: 959 daAuts
     D:1: 865 daAuts
     D:4: 512 daAuts
